 Dungeon Crawl Stone Soup version 0.28.0-47-ge53b351184 (webtiles) character file.

Game seed: 9643213780235235308

478 Allula97 the Covered (level 6, 0/48 HPs)
             Began as a Demonspawn Fighter on May 4, 2022.
             Was an Initiate of Wu Jian.
             Slain by Menkaure (17 damage)
             ... on level 4 of the Dungeon.
             The game lasted 00:11:15 (3899 turns).

Allula97 the Covered (Demonspawn Fighter)           Turns: 3899, Time: 00:11:16

Health: 0/48       AC:  8    Str: 16    XL:     6   Next: 85%
Magic:  6/6        EV:  9    Int:  9    God:    Wu Jian [......]
Gold:   131        SH:  5    Dex: 15    Spells: 5/5 levels left

rFire   . . .      SeeInvis .   o - +1 rapier (drain)
rCold   . . .      Faith    .   c - +0 buckler
rNeg    . . .      Spirit   .   b - +0 scale mail
rPois   +          Reflect  .   (helmet restricted)
rElec   .          Harm     .   (no cloak)
rCorr   .          Rampage  .   (no gloves)
Will    .....                   (no boots)
Stlth   ..........              (no amulet)
HPRegen 0.16/turn               s - ring of poison resistance
MPRegen 0.10/turn               (no ring)

@: mighty
A: horns 1, demonic guardian 1, powered by death 1, sharp scales 1
a: Renounce Religion


You were on level 4 of the Dungeon.
You worshipped Wu Jian.
Wu Jian was noncommittal.
You visited 2 branches of the dungeon, and saw 5 of its levels.

You collected 252 gold pieces.
You spent 121 gold pieces at shops.

Inventory:

Hand Weapons
 a - a +0 long sword
 o - a +1 rapier of draining (weapon)
Missiles
 q - 6 curare-tipped darts (quivered)
Armour
 b - a +0 scale mail (worn)
 c - a +0 buckler (worn)
Jewellery
 j - an amulet of faith
 r - a ring of magical power
 s - a ring of poison resistance (left hand)
 y - a ring of ice
Scrolls
 e - 3 scrolls of enchant weapon {unknown}
 g - 2 scrolls of teleportation {unknown}
 h - 4 scrolls of identify {unknown}
 k - a scroll of blinking {unknown}
 n - a scroll of immolation {unknown}
 t - a scroll of fear {unknown}
 u - a scroll of torment {unknown}
 v - a scroll of brand weapon {unknown}
 w - a scroll of noise {unknown}
Potions
 d - 3 potions of might
 f - a potion of attraction {unknown}
 i - 2 potions of heal wounds {unknown}
 l - 3 potions of curing
 m - a potion of mutation
 p - a potion of degeneration {unknown}
 x - a potion of resistance {unknown}


   Skills:
 * Level 3.8 Fighting
 + Level 2.1(3.0) Short Blades
 * Level 3.1(3.5) Long Blades
 * Level 4.3 Armour
 * Level 1.8 Dodging
 * Level 3.2 Shields
 - Level 1.6 Unarmed Combat


You had 5 spell levels left.
You didn't know any spells.
Your spell library contained the following spells:

 Spells                   Type           Power      Damage    Failure   Level
 Magic Dart               Conj           0%         1d3       88%         1
 Call Imp                 Summ           0%         N/A       95%         2
 Corpse Rot               Necr/Air       0%         N/A       95%         2
 Conjure Flame            Conj/Fire      0%         6-21      99%         3
 Ignite Poison            Fire/Tmut/Pois 0%         N/A       99%         3
 Mephitic Cloud           Conj/Pois/Air  0%         N/A       99%         3
 Tukima's Dance           Hex            0%         N/A       99%         3
 Dispel Undead            Necr           0%         3d6       100%        4
 Passage of Golubria      Tloc           0%         N/A       100%        4
 Sticky Flame             Conj/Fire      0%         2d3       100%        4
 Yara's Violent Unravell  Hex/Tmut       0%         3d3       100%        5
 Death Channel            Necr           0%         N/A       100%        6


Dungeon Overview and Level Annotations

Branches:
Dungeon (4/15)             Temple (1/1) D:4

Altars:
Ashenzari
Dithmenos
Elyvilon
Fedhas
Gozag
Kikubaaqudgha
Makhleb
Nemelex Xobeh
Okawaru
Qazlal
Ru
Sif Muna
Trog
Uskayaw
Vehumet
Wu Jian
Xom
Yredelemnul
Zin
The Shining One

Shops:
D:3 !

Annotations:
D:4 Menkaure


Innate Abilities, Weirdness & Mutations

You have a pair of small horns on your head.
A weak demonic guardian rushes to your aid.
You regenerate a little health from kills.
You are partially covered in razor-sharp scales. (AC +1, Slay +1)


Message History

The Council accepts your kill.
Natasha, Servant of Life and Death comes into view.
Natasha hisses angrily.
Found a potion of might.
You lunge at Natasha.
You hit Natasha. Your headbutt misses Natasha.
Natasha is lightly wounded.
Natasha closely misses you.
You hit Natasha. You drain Natasha.
Natasha is heavily wounded.
Natasha claws you but does no damage.
You hit Natasha. You drain Natasha.
You kill Natasha!
The Council accepts your kill.
Natasha yowls pathetically as she dies!
Your base Short Blades skill increases to level 2!
You see here the felid corpse of Natasha.
d - 4 potions of might (gained 1) Menkaure, Prince of Dust comes into view.
Found 13 gold pieces.
Found a ring mail.
Menkaure casts a spell at you.
You barely resist.
You feel very mighty all of a sudden.
Menkaure gestures wildly while chanting.
Menkaure seems to speed up.
Menkaure points at you and mumbles some strange words.
Pain shoots through your body!
You lunge at Menkaure.
You completely miss Menkaure. You headbutt Menkaure!
Menkaure is heavily damaged.
Menkaure casts a spell at you. Pain shoots through your body!
You barely miss Menkaure.
Menkaure is heavily damaged.
Menkaure hits you but does no damage.
Menkaure calls on the powers of darkness!
Your body is wracked with pain!
A demonic guardian appears!
You puncture Menkaure!
Menkaure is almost destroyed.
Menkaure hits you!
You die...

......................##
......########.......###
.....## ##........#### #
....## ##..........####
# ...##
###...........#### ..##
######...#.......... ..#
###.........##........
.##
##........##..##...†...
##
#.$..5@...###......#...
# #.....M..##
##......##. #
#........## ##.....##. #
#.[.....## #......##. #
#......## #.......#. #
####### ##....#.##
##..#####


You could see Menkaure (fast, ally target) and a friendly ufetubus (summoned).

Vanquished Creatures
  A scorpion (D:4)
  An orc priest (D:4)
  A hound (D:4)
  An iguana (D:4)
  Natasha (twice) (D:4)
  4 orc wizards
  4 adders
  A worm (D:4)
  2 dart slugs
  24 orcs
  9 ball pythons
  5 endoplasms
  A giant cockroach (D:3)
  9 goblins
  9 hobgoblins
  12 jackals
  11 kobolds
  A quokka (D:3)
  2 bats (D:1)
  4 frilled lizards (D:1)
  8 rats
112 creatures vanquished.

Vanquished Creatures (collateral kills)
  A goblin (D:2)
1 creature vanquished.

Vanquished Creatures (others)
  An orc wizard (D:4)
  A plant (D:3)
2 creatures vanquished.

Grand Total: 115 creatures vanquished

Notes
Turn   | Place    | Note
-------+----------+-------------------------------------------
     0 | D:1      | Allula97 the Demonspawn Fighter began the quest for the
                  | Orb.
     0 | D:1      | Reached XP level 1. HP: 18/18 MP: 1/1
   230 | D:1      | Gained mutation: You are partially covered in razor-sharp
                  | scales. (AC +1, Slay +1) [demonic ancestry]
   230 | D:1      | Reached XP level 2. HP: 22/24 MP: 2/2
   249 | D:1      | Found a faded altar of an unknown god.
   645 | D:1      | Reached skill level 3 in Armour
   657 | D:1      | Gained mutation: You regenerate a little health from kills.
                  | [demonic ancestry]
   657 | D:1      | Reached XP level 3. HP: 23/29 MP: 3/3
   964 | D:2      | Reached skill level 1 in Dodging
  1118 | D:2      | Gained mutation: A weak demonic guardian rushes to your
                  | aid. [demonic ancestry]
  1118 | D:2      | Reached XP level 4. HP: 35/35 MP: 4/4
  1829 | D:3      | Found Wanwiomn's Distillery.
  1835 | D:3      | Bought a potion of curing for 33 gold pieces
  1835 | D:3      | Bought a potion of mutation for 88 gold pieces
  2296 | D:3      | Reached skill level 1 in Unarmed Combat
  2296 | D:3      | Reached XP level 5. HP: 38/41 MP: 5/5
  2783 | D:4      | Reached skill level 1 in Short Blades
  2798 | D:4      | Gained mutation: You have a pair of small horns on your
                  | head. [demonic ancestry]
  2798 | D:4      | Reached XP level 6. HP: 40/47 MP: 6/6
  2809 | D:4      | Reached skill level 4 in Armour
  2982 | D:4      | Noticed Natasha
  2987 | D:4      | Killed Natasha
  2997 | D:4      | Found a staircase to the Ecumenical Temple.
  3024 | Temple   | Entered the Ecumenical Temple
  3404 | Temple   | Became a worshipper of the Wu Jian Council
  3840 | D:4      | Noticed Natasha
  3845 | D:4      | Killed Natasha
  3892 | D:4      | Noticed Menkaure
  3899 | D:4      | Slain by Menkaure

Illustrated notes

Levels and vault maps discovered:
D:1:      dpeg_arrival_chambers_temple_mockup, layout_loops_ring,
          dreamdust_ecumenical_altar_grove, chequers_serial_rivers_micro_e,
          minmay_stone_trees_small
D:2:      layout_basic
D:3:      corexii_shack_village, layout_loops_cross, serial_shops, shop,
          st_stairs_11, chequers_serial_rivers_micro_d
D:4:      layout_cave_pods, minmay_temple_entry_ruins, uniq_natasha,
          uniq_menkaure
Temple:   mainiacjoe_temple_cubbyholes

Skill      XL: |  1  2  3  4  5  6 |
---------------+-------------------+-----
Long Blades    | 2 3 |  3.1
Shields        | 3 |  3.2
Armour         | 3 4 |  4.3
Dodging        | 1 |  1.8
Unarmed Combat | 1 |  1.6
Short Blades   | 1 2 |  2.1
Fighting       | |  3.8

Action                   |  1- 3 |  4- 6 || total
-------------------------+-------+-------++-------
Melee: Long sword        |    87 |    51 ||   138
       Rapier            |       |   154 ||   154
       Headbutt          |       |    14 ||    14
Throw: Dart              |       |     2 ||     2
Invok: Lunge             |       |     6 ||     6
  Use: Potion            |       |     1 ||     1
Armor: Scale mail        |    44 |    75 ||   119
Dodge: Dodged            |    49 |    73 ||   122
Block: Buckler           |    19 |    36 ||    55
